 Dungeon Crawl Stone Soup version 0.31-a0-1537-g69dc257577 (webtiles) character file.

Game seed: 536005144197258086

86 James the Gusty (level 4, 0/36 HPs)
             Began as a Tengu Air Elementalist on Jan 1, 2024.
             Succumbed to a gnoll's poison
             ... on level 2 of the Dungeon.
             The game lasted 00:06:32 (1835 turns).

James the Gusty (Tengu Air Elementalist)            Turns: 1835, Time: 00:06:32

Health: 0/36       AC:  2    Str:  8    XL:     4   Next: 49%
Magic:  5/9        EV: 12    Int: 17    God:
Gold:   91         SH:  0    Dex: 15    Spells: 6/9 levels left

rFire   . . .        f - +0 dagger
rCold   . . .        (no shield)
rNeg    . . .        a - +0 robe
rPois   .            (helmet restricted)
rElec   .            (no cloak)
rCorr   .            (no gloves)
SInv    .            (boots unavailable)
Will    .....        e - amulet of magic regeneration Stlth
                     (no ring)
HPRegen 0.26/turn    (no ring)
MPRegen 0.51/turn

%: acrobat
@: berserking, lethally poisoned (0 -> -12), very quick
A: beak, talons 3, acrobatic
a: no special abilities


You were on level 2 of the Dungeon.
You visited 1 branch of the dungeon, and saw 2 of its levels.

You collected 91 gold pieces.

Inventory:

Hand Weapons
 c - a +0 whip
   (You took it off a kobold on level 1 of the Dungeon)
 f - a +0 dagger (weapon)
   (You found it on level 1 of the Dungeon)
 j - a +0 short sword
   (You found it on level 1 of the Dungeon)
Missiles
 l - 20 stones
 t - 2 atropa-tipped darts
Armour
 a - a +0 robe (worn)
 g - a +0 robe
   (You found it on level 1 of the Dungeon)
 h - a +0 tower shield
   (You found it on level 1 of the Dungeon)
 p - a +0 chain mail
   (You found it on level 1 of the Dungeon)
 q - a +0 plate armour
   (You found it on level 1 of the Dungeon)
Jewellery
 e - an amulet of magic regeneration (around neck)
   (You found it on level 1 of the Dungeon)
 r - an amulet of regeneration
   (You found it on level 2 of the Dungeon)
 v - a ring of fire
   (You found it on level 2 of the Dungeon)
Scrolls
 d - 2 scrolls of identify {unknown}
 k - 2 scrolls of noise {unknown}
 m - a scroll of silence {unknown}
 n - a scroll of fear {unknown}
 o - a scroll of poison {unknown}
 s - 2 scrolls of teleportation {unknown}
 u - a scroll of butterflies {unknown}
Potions
 b - 2 potions of magic


   Skills:
 - Level 2.1 Dodging
 - Level 2.0 Stealth
 + Level 3.3 Spellcasting
 - Level 4.0 Conjurations
 - Level 4.0 Air Magic


You had 6 spell levels left.
You knew the following spells:

 Your Spells              Type           Power      Damage    Failure   Level
a - Shock                 Conj/Air       64%        1d7       3%          1
d - Static Discharge      Conj/Air       32%        3-5/arc   4%          2

Your spell library contained the following spells:

 Spells                   Type           Power      Damage    Failure   Level
 Swiftness                Air            16%        N/A       10%         3
 Airstrike                Air            8%         2d(2-18)  32%         4
 Cause Fear               Hex            1%         N/A       86%         4
 Fireball                 Conj/Fire      4%         3d4       91%         5
 Dragon's Call            Summ           1%         N/A       100%        9


Dungeon Overview and Level Annotations

Branches:
Dungeon (2/15)

Altars:


Innate Abilities, Weirdness & Mutations

You have a beak for a mouth.
You have claws for feet.
You can magically evade attacks while moving or waiting.


Message History

You kill the adder!
The gnoll shouts!
You hear a shout!
A gnoll comes into view. It is wielding a +0 halberd of venom.
There is an open door here.
Press: ? - help, Shift-Dir - straight line, f - gnoll
Aim: a gnoll, wielding a +0 halberd of venom and wearing a +0 ring mail (79% to hit)
The zap hits the gnoll but does no damage.
Press: ? - help, Shift-Dir - straight line, f/p - gnoll
Aim: a gnoll, wielding a +0 halberd of venom and wearing a +0 ring mail (79% to hit)
The zap hits the gnoll.
Press: ? - help, Shift-Dir - straight line, f/p - gnoll
Aim: a gnoll, wielding a +0 halberd of venom and wearing a +0 ring mail (moderately wounded, 79% to hit)
The zap hits the gnoll.
The zap misses the gnoll.
Press: ? - help, Shift-Dir - straight line, f/p - gnoll
Aim: a gnoll, wielding a +0 halberd of venom and wearing a +0 ring mail (moderately wounded, 79% to hit)
The zap hits the gnoll but does no damage.
The zap hits the gnoll.
Press: ? - help, Shift-Dir - straight line, f/p - gnoll
Aim: a gnoll, wielding a +0 halberd of venom and wearing a +0 ring mail (moderately wounded, 79% to hit)
The zap hits the gnoll. x2; The gnoll closely misses you.
Press: ? - help, Shift-Dir - straight line, f - gnoll, p - gnoll
Aim: a gnoll, wielding a +0 halberd (almost dead, 75% to hit)
The zap hits the gnoll but does no damage.
The zap hits the gnoll.
The gnoll hits you from afar with a +0 halberd of venom.
You are poisoned.
Press: ? - help, Shift-Dir - straight line, f/p - gnoll
Aim: a gnoll, wielding a +0 halberd (almost dead, 75% to hit)
The zap hits the gnoll. x2
You kill the gnoll!
You feel very sick.
The gnoll hits you from afar with a +0 halberd of venom.
* * * LOW HITPOINT WARNING * * *
You are lethally poisoned!
Press: ? - help, Shift-Dir - straight line The zap hits the gnoll.
* * * LOW HITPOINT WARNING * * *
You feel very sick. The gnoll closely misses you.
Press: ? - help, Shift-Dir - straight line The zap hits the gnoll.
You kill the gnoll!
* * * LOW HITPOINT WARNING * * *
You feel very sick.
Training target 4.0 for Conjurations reached!
Your Conjurations skill increases to level 4!
It was a potion of berserk rage.
A red film seems to cover your vision as you go berserk!
You feel yourself moving faster!
You feel mighty!
You die...

######.........###
#.....####.##....###
#.....#.............
#.........####...###
################.......####.#....
....†....................##......
##################.##............
..........g..)$..#..............#
#)####.####.####@#..#.#..........
#†.'.'..#.#⌠.#.#.........^....#
#.g#.#..#.#..#.#####.......####
##'#.##'#.##'#.######.>.<..#
..............##...#......#
##g#.##'#.##'#.##.#.#......#
g.#.# #.#..#.##......##### '..#.#
+.'..#.##.#........#
###.####.####.##.#..#..####


You could see a gnoll.

Vanquished Creatures
  2 adders (D:2)
  2 gnolls (D:2)
  2 dart slugs
  A ribbon worm (D:2)
  3 ball pythons
  4 bats
  2 giant cockroaches (D:1)
  6 goblins
  5 jackals
  3 kobolds
  4 quokkas
  2 frilled lizards (D:2)
  5 rats
41 creatures vanquished.

Notes
Turn   | Place    | Note
-------+----------+-------------------------------------------
     0 | D:1      | James the Tengu Air Elementalist began the quest for the
                  | Orb.
     0 | D:1      | Reached XP level 1. HP: 10/10 MP: 4/4
    29 | D:1      | Reached XP level 2. HP: 4/15 MP: 1/6
    88 | D:1      | Learned a level 2 spell: Static Discharge
   585 | D:1      | Reached XP level 3. HP: 18/19 MP: 7/7
   700 | D:1      | Found a faded altar of an unknown god.
  1793 | D:2      | Reached XP level 4. HP: 24/24 MP: 9/9
  1835 | D:2      | Succumbed to a gnoll's poison

Illustrated notes

Levels and vault maps discovered:
D:1:      erik_arrival_triangle_small, layout_basic,
          shapermc_ecumenical_altar_ellora, minmay_pentomino_s2
D:2:      minmay_door_path, layout_basic, eino_tiny_chamber

Skill      XL: |  1  2  3  4 |
---------------+-------------+-----
Conjurations   | 2 3 4 |  4.0
Spellcasting   | 3 |  3.3
Dodging        | |  2.1
Stealth        | |  2.0
Air Magic      | |  4.0

Action                     |  1- 3 |  4- 6 || total
---------------------------+-------+-------++-------
  Melee: Unarmed           |     9 |       ||     9
         Kick              |    14 |       ||    14
         Peck              |     6 |       ||     6
         Dagger            |    53 |     1 ||    54
         Whip              |     1 |       ||     1
   Cast: Shock             |    42 |    10 ||    52
         Static Discharge  |     2 |       ||     2
    Use: Potion            |       |     1 ||     1
   Stab: Sleeping          |     1 |     1 ||     2
 Armour: Robe              |    34 |     2 ||    36
  Dodge: Dodged            |    49 |     3 ||    52

Table legend: (Time is in decaauts)
 A = Elapsed time spent in this place.
 B = Non-inter-level travel time spent in this place.
 C = Inter-level travel time spent in this place.
 D = Time resting spent in this place.
 E = Time spent auto-exploring this place.
 F = Levels seen in this place.
 G = Mean time per level.
                   A        B        C        D        E       F      G
               +--------+--------+--------+--------+--------+-----+--------+
         Total |   1835 |   1787 |     48 |    279 |    958 |   2 |  917.5 |
       Dungeon |   1835 |   1787 |     48 |    279 |    958 |   2 |  917.5 |
               +--------+--------+--------+--------+--------+-----+--------+

Top non-repeatable levels by time:
     D:1: 1190 daAuts
     D:2: 645 daAuts
